 Dungeon Crawl Stone Soup version 0.30-a0-1163-gf69bf04e7a (webtiles) character file.

Game seed: 4225582013160433646

5193 Jeffwins the Grave Robber (level 10, -1/73 HPs)
             Began as a Human Wanderer on Apr 29, 2023.
             Was a Believer of Vehumet.
             Slain by a sun demon (13 damage)
             ... on level 2 of the Abyss.
             The game lasted 00:22:31 (9915 turns).

Jeffwins the Grave Robber (Human Wanderer)          Turns: 9915, Time: 00:22:32

Health: -1/73      AC:  7    Str: 10 (12) XL:     10   Next: 91%
Magic:  16/16      EV: 18    Int: 19 (20) God:    Vehumet [**....]
Gold:   351        SH:  0    Dex: 15 (18) Spells: 10/20 levels left

rFire   + . .        a - +10 dagger "Oxyorch" {vamp, *Corrode rElec Dex+8 Stlth-}
rCold   + . .        (no shield)
rNeg    . . .        d - +0 robe
rPois   +            (no helmet)
rElec   +            U - scarf {rC+ rF+}
rCorr   .            (no gloves)
SInv    .            z - +0 pair of boots
Will    .....        (no amulet)
Stlth   ++           O - +4 ring of protection
HPRegen 0.32/turn    E - +5 ring of evasion
MPRegen 0.15/turn

%: corrode self (3%)
@: no status effects
A: low MP 1, poison resistance, electricity resistance
a: Renounce Religion


You were on level 2 of the Abyss.
You worshipped Vehumet.
Vehumet was pleased with you.
You visited 2 branches of the dungeon, and saw 9 of its levels.
You visited the Abyss 1 time.

You collected 453 gold pieces.
You spent 102 gold pieces at shops.


Innate Abilities, Weirdness & Mutations

Your magical capacity is low. (-10% MP)
Your system is resistant to poisons. (rPois)
You are resistant to electric shocks. (rElec)


   Skills:
 + Level 4.8 Fighting
 * Level 4.1 Short Blades
 - Level 4.0 Maces & Flails
 + Level 3.9 Throwing
 + Level 4.2 Dodging
 + Level 4.5 Stealth
 * Level 5.7 Spellcasting
 * Level 3.0 Conjurations
 * Level 6.9 Necromancy
 * Level 1.5 Fire Magic
 * Level 3.1 Air Magic
 + Level 5.9 Evocations


You had 10 spell levels left.
You knew the following spells:

 Your Spells              Type           Power      Damage    Failure   Level
x - Vampiric Draining     Necr           31%        2d8       1%          3
z - Foxfire               Conj/Fire      56%        2x1d6     4%          1
X - Arcjolt               Conj/Air       8%         1d18      65%         5
Y - Necrotise             Necr           100%       1d9       1%          1

Your spell library contained the following spells:

 Spells                   Type           Power      Damage    Failure   Level
 Sting                    Tmut/Pois      20%        1d4       12%         1
 Vhi's Electric Charge    Tloc/Air       22%        N/A       19%         3
 Agony                    Necr           31%        N/A       19%         5
 Volatile Blastmotes      Fire/Tloc      16%        2d11      26%         3
 Spider Form              Tmut/Pois      5%         N/A       34%         3
 Flame Wave               Conj/Fire      14%        2d6       41%         4
 Dragon Form              Tmut           2%         N/A       100%        7
 Maxwell's Capacitive Co  Air            8%         ∞         100%        8

Inventory:

Hand Weapons
 a - the +10 dagger "Oxyorch" (weapon) {vamp, *Corrode rElec Dex+8 Stlth-}
   (You found it on level 6 of the Dungeon)

   Dex:       It affects your dexterity (+8).
   rElec:     It insulates you from electricity.
   *Corrode:  It may corrode you when you take damage.
   Stlth:     It makes you less stealthy.
 x - a +2 vampiric dagger
 y - a +1 dagger of electrocution
 K - the +0 spear of Ambiguity {antimagic, *Rage *Corrode rPois Str+9}
   (You found it on level 2 of the Dungeon)

   Str:       It affects your strength (+9).
   rPois:     It protects you from poison.
   *Rage:     It berserks you when you make melee attacks (+20% chance).
   *Corrode:  It may corrode you when you take damage.
 P - the +1 flail of World's End {flame, Int+3 Dex+3 Stlth-}
   (You found it on level 4 of the Dungeon)

   Int:       It affects your intelligence (+3).
   Dex:       It affects your dexterity (+3).
   Stlth:     It makes you less stealthy.
 T - a +2 long sword of freezing
Missiles
 h - 6 datura-tipped darts
 i - 2 javelins
 A - 16 poisoned darts (quivered)
Armour
 d - a +0 robe (worn)
 f - an orb of mayhem
 z - a +0 pair of boots (worn)
 D - a +1 ring mail of cold resistance
 J - a +1 scale mail of willpower
 U - a scarf of resistance (worn)
Magical Staves
 v - a staff of air
 F - a staff of earth
 M - a staff of poison
Jewellery
 c - a ring of protection from cold
 C - a ring of protection from cold
 E - a +5 ring of evasion (right hand)
 O - a +4 ring of protection (left hand)
 R - a ring of resist corrosion
Wands
 w - a wand of paralysis (3)
 L - a wand of iceblast (3)
Scrolls
 b - 3 scrolls of fog
 g - a scroll of identify {@r1}
 j - a scroll of vulnerability {!r}
 n - a scroll of amnesia
 p - a scroll of enchant armour
 u - 2 scrolls of torment {!r}
 G - a scroll of enchant weapon
 H - a scroll of teleportation {@r4}
 S - a scroll of butterflies
Potions
 k - 3 potions of heal wounds {@q2}
 l - 3 potions of attraction {unknown}
 m - 3 potions of mutation {!q}
 o - 4 potions of degeneration {!q}
 r - a potion of resistance
 s - 3 potions of might {unknown}
 t - 2 potions of haste {@q3}

Dungeon Overview and Level Annotations

Branches:
Dungeon (8/15)             Temple (1/1) D:4
   Lair: D:8-11

Altars:
Cheibriados
Dithmenos
Elyvilon
Fedhas
Gozag
Hepliaklqana
Kikubaaqudgha
Nemelex Xobeh
Okawaru
Qazlal
Ru
Sif Muna
Trog
Uskayaw
Vehumet
Wu Jian
Xom
Yredelemnul
The Shining One

Shops:
D:2 *?

Annotations:
D:7 3 runed translucent doors, 13Fox's ghost, novice DsWn
D:8 Psyche

# # .#.▒▒▓
▓▒ ▒.▒▒.##
▓..▓.▓.@.▒
▒.#...#3#░#
#.....▓▒
▒....##
#░..▒# ▒▒▒


You could see a sun demon.


Message History

A mana viper comes into view.
Unknown command.
Your extra speed is starting to run out.
You feel yourself slow down.
A sun demon comes into view.
Unknown command.
The sun demon attacks as you move away! The sun demon hits you!!
* * * LOW HITPOINT WARNING * * *
You are engulfed in flames!
You resist.
* * * LOW HITPOINT WARNING * * *
Aiming: Paralyse
Press: ? - help, Shift-Dir - straight line, f - sun demon
Aim: a sun demon (chance to affect: 15%)
The sun demon resists with almost no effort.
The sun demon hits you but does no damage.
Unknown command.
Aiming: Paralyse
Press: ? - help, Shift-Dir - straight line, f/p - sun demon
Aim: a sun demon (chance to affect: 15%)
The sun demon resists with almost no effort.
The sun demon hits you!
* * * LOW HITPOINT WARNING * * *
You are engulfed in flames.
You resist.
* * * LOW HITPOINT WARNING * * *
Aiming: Paralyse
Press: ? - help, Shift-Dir - straight line, f/p - sun demon
Aim: a sun demon (chance to affect: 15%)
The sun demon resists with almost no effort.
The sun demon hits you!
You die...

Skill      XL: |  1  2  3  4  5  6  7  8  9 10 |
---------------+-------------------------------+-----
Stealth        | 1 2 3 4 |  4.5
Spellcasting   | 2 3 4 5 |  5.7
Throwing       | 1 2 3 |  3.9
Dodging        | 1 2 3 4 |  4.2
Necromancy     | 4 5 6 |  6.9
Short Blades   | 2 3 4 |  4.1
Fighting       | 3 4 |  4.8
Evocations     | 5 |  5.9
Maces & Flails | 1 3 4 |  4.0
Air Magic      | 1 3 |  3.1
Conjurations   | 1 3 |  3.0
Fire Magic     | 1 |  1.5

Action                     |  1- 3 |  4- 6 |  7- 9 | 10-12 || total
---------------------------+-------+-------+-------+-------++-------
  Melee: Club              |    42 |       |       |       ||    42
         Spear             |    19 |    83 |       |       ||   102
         Dagger            |       |   114 |    47 |   148 ||   309
         Punch             |       |     4 |     4 |     2 ||    10
         Flail             |       |       |   140 |       ||   140
  Throw: Dart              |       |     5 |       |     4 ||     9
   Cast: Necrotise         |    29 |    10 |    15 |     1 ||    55
         Vampiric Draining |       |     5 |    48 |    31 ||    84
         Foxfire           |       |       |       |    10 ||    10
  Evoke: Wand              |       |     1 |     6 |    11 ||    18
    Use: Scroll            |     3 |     1 |     3 |     6 ||    13
         Potion            |       |       |       |    10 ||    10
   Stab: Sleeping          |       |     1 |     1 |       ||     2
         Paralysed         |       |       |     8 |       ||     8
 Armour: Robe              |    22 |    27 |    56 |    39 ||   144
  Dodge: Dodged            |    79 |   128 |   259 |   172 ||   638

Levels and vault maps discovered:
D:1:      dpeg_arrival_radiant, layout_loops_ring
D:2:      layout_rooms, serial_shops, shop, nicolae_shop_overgrown_old_shop,
          basic_altar, ebering_ecumenical_altar_box, minmay_misc_feat_enclosed
D:3:      cheibrodos_fertilizer, layout_loops_ring,
          mainiacjoe_overflow_concentric_impassable, dk_noncrumbling_2,
          st_stairs_2, uniq_crazy_yiuf_cottage
D:4:      gammafunk_wand_slinger, layout_basic, minmay_temple_entry_wispy,
          minmay_misc_feat_tiny, uniq_ijyb, uniq_eustachio, uniq_pikel,
          uniq_sigmund
D:5:      layout_basic, corexii_hall_statues_t, kennysheep_cross_room,
          minmay_bent
D:6:      layout_loops_ring, uniq_grinder
D:7:      layout_basic, ebering_ghost_rock_garden
D:8:      layout_rooms, zin_statuary, uniq_maggie, uniq_psyche
Temple:   nicolae_temple_two_arcs
Abyss:2:  base: D:5, evilmike_abyss_exit_11, spicy_abyss_rude_harpoons,
          evilmike_abyss_exit_14, hangedman_abyss_monster_moat

Notes
Turn   | Place    | Note
-------+----------+-------------------------------------------
     0 | D:1      | Jeffwins the Human Wanderer began the quest for the Orb.
     0 | D:1      | Jeffwins set off with the following items: a +0 club, a
                  | scroll of fog, a scroll of teleportation {@r4}, a +0 robe,
                  | a wand of mindburst (10); and the following spell
                  | memorised: Necrotise; and the following spells available to
                  | memorise: Vampiric Draining.
     0 | D:1      | Reached XP level 1. HP: 16/16 MP: 2/2
   383 | D:1      | Reached XP level 2. HP: 22/22 MP: 0/3
  1077 | D:2      | Reached XP level 3. HP: 27/27 MP: 0/5
  1083 | D:2      | Identified the +0 spear of Ambiguity {antimagic, *Rage
                  | *Corrode rPois Str+9}
  1143 | D:2      | Found a faded altar of an unknown god.
  1155 | D:2      | Found Xeluq's Magic Scroll Boutique.
  1240 | D:2      | Bought a scroll of identify for 28 gold pieces
  1284 | D:2      | Reached XP level 4. HP: 33/33 MP: 2/6
  1301 | D:2      | Found a basalt altar of Yredelemnul.
  1317 | D:2      | Found Qeah's Assorted Antiques.
  1365 | D:2      | Reached skill level 1 in Stealth
  1381 | D:2      | Bought 2 lumpy red potions for 36 gold pieces
  1381 | D:2      | Bought a scroll labelled CEARIC CURGHUNE for 20 gold pieces
  1381 | D:2      | Bought a lumpy red potion for 18 gold pieces
  1422 | D:2      | Reached skill level 2 in Spellcasting
  1426 | D:2      | Reached XP level 5. HP: 31/39 MP: 2/8
  1549 | D:2      | Reached skill level 1 in Throwing
  1738 | D:3      | Found a shimmering blue altar of Sif Muna.
  2028 | D:3      | Learned a level 3 spell: Vampiric Draining
  2101 | D:3      | Reached skill level 1 in Dodging
  2130 | D:3      | Reached skill level 4 in Necromancy
  2130 | D:3      | Reached XP level 6. HP: 14/46 MP: 4/9
  2497 | D:3      | Found a runed translucent door.
  2498 | D:3      | Noticed Crazy Yiuf
  2502 | D:3      | Killed Crazy Yiuf
  2503 | D:3      | Reached skill level 1 in Short Blades
  3052 | D:4      | Noticed Sigmund
  3227 | D:4      | Killed Sigmund
  3228 | D:4      | Reached skill level 3 in Fighting
  3228 | D:4      | Reached skill level 2 in Short Blades
  3228 | D:4      | Reached skill level 2 in Stealth
  3228 | D:4      | Reached skill level 3 in Spellcasting
  3228 | D:4      | Reached XP level 7. HP: 36/52 MP: 2/11
  3335 | D:4      | Found a transporter.
  3467 | D:4      | Found a transporter.
  3484 | D:4      | Found a staircase to the Ecumenical Temple.
  3626 | Temple   | Entered the Ecumenical Temple
  3741 | Temple   | Became a worshipper of Vehumet
  3758 | D:4      | Noticed Ijyb
  3768 | D:4      | Paralysed by Ijyb for 3 turns
  3777 | D:4      | Killed Ijyb
  3875 | D:4      | Noticed Pikel
  3893 | D:4      | Killed Pikel
  3894 | D:4      | Reached skill level 2 in Throwing
  3894 | D:4      | Reached skill level 2 in Dodging
  3894 | D:4      | Reached skill level 5 in Necromancy
  3894 | D:4      | Reached XP level 8. HP: 20/58 MP: 2/13
  4030 | D:4      | Identified the +1 flail of World's End {flame, Int+3 Dex+3
                  | Stlth-}
  4053 | D:4      | Noticed Eustachio
  4066 | D:4      | Reached skill level 3 in Short Blades
  4084 | D:4      | Killed Eustachio
  4085 | D:4      | Reached skill level 5 in Evocations
  4091 | D:4      | Reached skill level 1 in Maces & Flails
  4507 | D:5      | Entered Level 5 of the Dungeon
  4563 | D:5      | Reached skill level 3 in Stealth
  4563 | D:5      | Reached skill level 4 in Spellcasting
  4726 | D:5      | HP: 6/60 [shot self (17)]
  4966 | D:5      | Reached XP level 9. HP: 65/65 MP: 5/15
  5200 | D:5      | Reached skill level 2 in Maces & Flails
  5267 | D:5      | Reached * piety under Vehumet
  5267 | D:5      | Offered knowledge of Sandblast by Vehumet.
  5322 | D:5      | Reached skill level 4 in Fighting
  5322 | D:5      | Reached skill level 3 in Throwing
  5322 | D:5      | Reached skill level 3 in Dodging
  5829 | D:5      | Reached skill level 6 in Necromancy
  6160 | D:5      | Learned a level 5 spell: Arcjolt
  6213 | D:6      | Reached skill level 3 in Maces & Flails
  6386 | D:6      | Reached skill level 1 in Air Magic
  6473 | D:6      | Reached skill level 1 in Conjurations
  6739 | D:6      | Got the Opusculum on Sculpting and Combustion
  6747 | D:6      | Noticed Grinder
  6755 | D:6      | Killed Grinder
  6756 | D:6      | Reached skill level 5 in Spellcasting
  6776 | D:6      | Identified the +10 dagger "Oxyorch" {vamp, *Corrode rElec
                  | Dex+8 Stlth-}
  6945 | D:6      | Reached XP level 10. HP: 63/73 MP: 17/17
  7053 | D:6      | Reached skill level 4 in Stealth
  7325 | D:7      | Found a runed translucent gate.
  7326 | D:7      | Noticed 13Fox's ghost (novice DsWn)
  7327 | D:7      | Found a runed translucent gate.
  7419 | D:7      | Reached skill level 2 in Air Magic
  7469 | D:7      | Found a runed translucent gate.
  7608 | D:7      | Reached skill level 2 in Conjurations
  7713 | D:7      | Reached skill level 4 in Maces & Flails
  8072 | D:7      | Identified a scarf of resistance
  8689 | D:7      | Reached ** piety under Vehumet
  8689 | D:7      | Offered knowledge of Foxfire by Vehumet.
  8738 | D:7      | Learned a level 1 spell: Foxfire
  8877 | D:8      | Noticed Psyche
  8946 | D:7      | Reached skill level 4 in Dodging
  9253 | D:8      | You are cast into the Abyss!
  9253 | Abyss:1  | Cast into level 1 of the Abyss (Psyche)
  9343 | Abyss:1  | Noticed a mana viper
  9353 | Abyss:1  | Killed a mana viper
  9354 | Abyss:1  | Reached skill level 4 in Short Blades
  9354 | Abyss:1  | Reached skill level 1 in Fire Magic
  9384 | Abyss:1  | Noticed a smoke demon
  9397 | Abyss:1  | Killed a smoke demon
  9398 | Abyss:1  | Reached skill level 3 in Conjurations
  9398 | Abyss:1  | Reached skill level 3 in Air Magic
  9412 | Abyss:1  | Noticed a sixfirhy
  9433 | Abyss:1  | Noticed a hellion
  9444 | Abyss:2  | Noticed a starflower
  9448 | Abyss:2  | Noticed a starflower
  9548 | Abyss:2  | Noticed a starcursed mass
  9556 | Abyss:2  | Noticed a smoke demon
  9563 | Abyss:2  | Noticed a large abomination
  9568 | Abyss:2  | HP: 1/73 [smoke demon/divine providence (12)]
  9571 | Abyss:2  | Gained mutation: Your magical capacity is low. (-10% MP)
                  | [potion of mutation]
  9571 | Abyss:2  | Gained mutation: You are resistant to electric shocks.
                  | (rElec) [potion of mutation]
  9571 | Abyss:2  | Gained mutation: Your system is resistant to poisons.
                  | (rPois) [potion of mutation]
  9714 | Abyss:2  | Noticed a starcursed mass
  9720 | Abyss:2  | Noticed a bone dragon
  9753 | Abyss:2  | Noticed a smoke demon
  9777 | Abyss:2  | Noticed a starcursed mass
  9808 | Abyss:2  | Noticed a hell knight
  9878 | Abyss:2  | Noticed a mana viper
  9909 | Abyss:2  | Noticed a sun demon
  9915 | Abyss:2  | Slain by a sun demon

Vanquished Creatures
  Pikel (D:4)
  A mana viper (Abyss:1)
  A smoke demon (Abyss:1)
  Grinder (D:6)
  Sigmund (D:4)
  4 yaks
  Eustachio (D:4)
  2 steam dragons
  A large abomination (Abyss:2)
  3 black bears
  A sky beast (D:7)
  An orc warrior (D:7)
  2 ice beasts
  3 centaurs
  A lemure (D:4)
  3 phantoms (D:5)
  A kobold brigand (D:7)
  A bullfrog (D:6)
  2 scorpions (D:6)
  A gnoll sergeant (D:7)
  8 hounds
  6 orc priests
  Crazy Yiuf (D:3)
  6 jellies
  Ijyb (D:4)
  2 orc wizards (D:5)
  3 sleepcaps
  2 iguanas
  14 gnolls
  8 adders
  A white imp (D:5)
  3 ufetubi
  A worm (D:5)
  2 dart slugs
  8 orcs
  12 endoplasms
  2 giant cockroaches
  7 goblins
  7 hobgoblins
  2 quokkas
  7 ball pythons
  5 bats
  2 frilled lizards (D:2)
  15 kobolds
  3 rats
  A foxfire (D:8)
161 creatures vanquished.

Vanquished Creatures (others)
  A gnoll (D:8)
  15 foxfires (D:8)
  5 fungi (D:3)
  5 toadstools (D:3)
26 creatures vanquished.

Grand Total: 187 creatures vanquished

Table legend: (Time is in decaauts)
 A = Elapsed time spent in this place.
 B = Non-inter-level travel time spent in this place.
 C = Inter-level travel time spent in this place.
 D = Time resting spent in this place.
 E = Time spent auto-exploring this place.
 F = Levels seen in this place.
 G = Mean time per level.
                   A        B        C        D        E       F      G
               +--------+--------+--------+--------+--------+-----+--------+
         Total |   9984 |   9529 |    455 |   1324 |   6013 |  11 |  907.6 |
       Dungeon |   9244 |   8798 |    446 |   1241 |   5767 |   8 | 1155.5 |
        Temple |    125 |    116 |      9 |      0 |    104 |   1 |  125.0 |
         Abyss |    614 |    614 |      0 |     83 |    142 |   2 |  307.0 |
               +--------+--------+--------+--------+--------+-----+--------+

Top non-repeatable levels by time:
     D:7: 1817 daAuts
     D:5: 1679 daAuts
     D:3: 1418 daAuts
     D:4: 1306 daAuts
     D:6: 1157 daAuts
     D:1: 964 daAuts
     D:2: 809 daAuts
 Abyss:2: 434 daAuts
 Abyss:1: 180 daAuts
  Temple: 125 daAuts
     D:8: 91 daAuts

Table legend:
 A = Non-vault XP
 B = Vault XP
 C = Vault XP percentage of total XP
 D = Non-vault monster count
 E = Vault monster count
 F = Vault count percentage of total count
                 A         B        C        D         E       F
            +---------+---------+-------+---------+---------+-------
      Total |    5405 |    2014 |  27.1 |     129 |      31 |  19.4
            +---------+---------+-------+---------+---------+-------
        D:1 |      18 |       0 |   0.0 |      13 |       0 |   0.0
        D:2 |     132 |       0 |   0.0 |      21 |       0 |   0.0
        D:3 |     128 |     152 |  54.3 |      18 |      20 |  52.6
        D:4 |     123 |    1127 |  90.2 |      11 |       5 |  31.2
        D:5 |     737 |     468 |  38.8 |      19 |       5 |  20.8
        D:6 |    1095 |     267 |  19.6 |      16 |       1 |   5.9
        D:7 |    1936 |       0 |   0.0 |      26 |       0 |   0.0
        D:8 |      22 |       0 |   0.0 |       2 |       0 |   0.0
    Abyss:1 |    1048 |       0 |   0.0 |       2 |       0 |   0.0
    Abyss:2 |     166 |       0 |   0.0 |       1 |       0 |   0.0
            +---------+---------+-------+---------+---------+-------
